[ AOE2 MATCH · #473494446 ]
UnrankedTurks vs None
Player's team · LOSS
Rival team · WIN
[ REPLAY ANALYSIS · EXTRACTED FROM THE RECORDED GAME ]
Feudal
—
Castle
—
Imperial
25:52
| APM avg | 10.0 |
| APM peak | 34 |
| eAPM avg | 9.6 |
| Villagers / military | 101 / 0 |
Focus
⚔️ 57.5% · 🌾 42.5%
Unknown (840) ×23 · Unknown (838) ×2
Feudal
—
Castle
—
Imperial
31:19
| APM avg | 6.5 |
| APM peak | 24 |
| eAPM avg | 5.3 |
| Villagers / military | 90 / 0 |
Focus
⚔️ 47.2% · 🌾 52.8%
Fishing Ship ×30
Feudal
—
Castle
—
Imperial
19:08
| APM avg | 14.6 |
| APM peak | 60 |
| eAPM avg | 9.9 |
| Villagers / military | 114 / 0 |
Focus
⚔️ 43.2% · 🌾 56.8%
Fishing Ship ×72 · Unknown (434) ×18
Feudal
—
Castle
—
Imperial
—
| APM avg | 5.0 |
| APM peak | 29 |
| eAPM avg | 4.8 |
| Villagers / military | 66 / 0 |
Focus
⚔️ 43.0% · 🌾 57.0%
Fishing Ship ×22 · Unknown (704) ×3
Feudal
—
Castle
—
Imperial
34:39
| APM avg | 8.2 |
| APM peak | 55 |
| eAPM avg | 7.0 |
| Villagers / military | 54 / 0 |
Focus
⚔️ 59.1% · 🌾 40.9%
Unknown (704) ×1
Feudal
—
Castle
—
Imperial
28:45
| APM avg | 14.7 |
| APM peak | 38 |
| eAPM avg | 14.2 |
| Villagers / military | 79 / 0 |
Focus
⚔️ 42.5% · 🌾 57.5%
Fishing Ship ×83 · Unknown (838) ×13
Feudal
—
Castle
—
Imperial
36:07
| APM avg | 5.8 |
| APM peak | 45 |
| eAPM avg | 5.7 |
| Villagers / military | 91 / 0 |
Focus
⚔️ 30.3% · 🌾 69.7%
Fishing Ship ×39 · Unknown (2626) ×2
Feudal
—
Castle
—
Imperial
50:27
| APM avg | 8.2 |
| APM peak | 35 |
| eAPM avg | 7.4 |
| Villagers / military | 86 / 0 |
Focus
⚔️ 58.4% · 🌾 41.6%
Unknown (434) ×64 · Fishing Ship ×30
Match map
Initial resources + every placement click. Lines = walls · curves = elevation contours. ◆ gold · ⬟ stone · ● berries · ✦ relic · ◌ wall gap
Your base· Open — unwalled flank
Nero's base· Open — unwalled flank
vincentc95's base· Open — 8t gap
ImperiorsWar's base· Open — unwalled flank
CPT Hobbit's base· Open — unwalled flank
Believesinkinto's base· Open — unwalled flank
s2n_ljkthegreat's base· Open — unwalled flank
Preacher!'s base· Open — unwalled flank
Smoothed initial terrain · ◌ = detected wall gap · hover for details
Inputs per minute
— connorjb - - Nero
Build order — connorjb
First 150 of 889 actions detected
| 0:13 | Create | Villager (Male) |
| 0:21 | Create | Villager (Male) |
| 0:21 | Create | Villager (Male) |
| 0:21 | Create | Villager (Male) |
| 0:45 | Build | University |
| 1:01 | Build | Lumber Camp |
| 1:03 | Build | Lumber Camp |
| 1:04 | Build | Lumber Camp |
| 1:12 | Build | Mill |
| 1:15 | Build | Mill |
| 1:17 | Build | Mill |
| 1:33 | Build | Lumber Camp |
| 1:34 | Build | Lumber Camp |
| 1:34 | Build | Lumber Camp |
| 1:34 | Build | Lumber Camp |
| 1:34 | Build | Lumber Camp |
| 1:35 | Build | Lumber Camp |
| 1:35 | Build | Lumber Camp |
| 1:35 | Build | Lumber Camp |
| 1:36 | Build | Lumber Camp |
| 1:36 | Build | Lumber Camp |
| 1:36 | Build | Lumber Camp |
| 1:37 | Build | Lumber Camp |
| 1:37 | Build | Lumber Camp |
| 1:37 | Build | Lumber Camp |
| 1:38 | Build | Lumber Camp |
| 1:38 | Build | Lumber Camp |
| 1:38 | Build | Lumber Camp |
| 1:39 | Build | Lumber Camp |
| 1:39 | Build | Lumber Camp |
| 1:39 | Build | Lumber Camp |
| 1:40 | Build | Lumber Camp |
| 1:40 | Build | Lumber Camp |
| 1:40 | Build | Lumber Camp |
| 1:46 | Research | Treadmill Crane |
| 1:48 | Research | Murder Holes |
| 2:02 | Create | Villager (Male) |
| 2:37 | Build | Mill |
| 2:52 | Create | Villager (Male) |
| 3:54 | Build | Archery Range |
| 4:05 | Create | Villager (Male) |
| 4:13 | Research | Heavy Plow |
| 5:12 | Build | Farm |
| 5:14 | Build | Farm |
| 5:15 | Build | Farm |
| 5:17 | Build | Farm |
| 5:21 | Build | Farm |
| 5:24 | Create | Villager (Male) |
| 5:48 | Build | Lumber Camp |
| 5:49 | Build | Lumber Camp |
| 5:49 | Build | Lumber Camp |
| 5:49 | Build | Lumber Camp |
| 5:50 | Build | Lumber Camp |
| 5:50 | Build | Lumber Camp |
| 5:50 | Build | Lumber Camp |
| 5:51 | Build | Lumber Camp |
| 5:51 | Build | Lumber Camp |
| 5:51 | Build | Lumber Camp |
| 5:52 | Build | Lumber Camp |
| 5:52 | Build | Lumber Camp |
| 5:52 | Build | Lumber Camp |
| 5:53 | Build | Lumber Camp |
| 5:53 | Build | Lumber Camp |
| 6:02 | Create | Villager (Male) |
| 6:39 | Build | Farm |
| 6:46 | Research | Bow Saw |
| 7:30 | Build | Lumber Camp |
| 7:31 | Build | Lumber Camp |
| 7:31 | Build | Lumber Camp |
| 7:31 | Build | Lumber Camp |
| 7:32 | Build | Lumber Camp |
| 7:32 | Build | Lumber Camp |
| 7:32 | Build | Lumber Camp |
| 7:33 | Build | Lumber Camp |
| 7:33 | Build | Lumber Camp |
| 7:33 | Build | Lumber Camp |
| 7:59 | Create | Villager (Male) |
| 8:31 | Build | Farm |
| 8:34 | Create | Villager (Male) |
| 8:46 | Build | Castle |
| 8:47 | Build | Castle |
| 8:48 | Build | Castle |
| 9:10 | Build | Farm |
| 10:04 | Create | Villager (Male) |
| 10:21 | Build | Archery Range |
| 10:22 | Build | Archery Range |
| 10:22 | Build | Archery Range |
| 10:23 | Build | Archery Range |
| 10:23 | Build | Archery Range |
| 10:24 | Build | Archery Range |
| 10:24 | Build | Archery Range |
| 10:24 | Build | Archery Range |
| 10:25 | Build | Archery Range |
| 10:43 | Build | Farm |
| 10:46 | Create | Villager (Male) |
| 11:25 | Build | Farm |
| 12:01 | Create | Villager (Male) |
| 12:13 | Build | Archery Range |
| 12:14 | Build | Archery Range |
| 12:14 | Build | Archery Range |
| 12:14 | Build | Archery Range |
| 12:15 | Build | Archery Range |
| 12:15 | Build | Archery Range |
| 12:15 | Build | Archery Range |
| 12:16 | Build | Archery Range |
| 12:16 | Build | Archery Range |
| 12:46 | Build | Farm |
| 12:49 | Create | Villager (Male) |
| 13:28 | Build | Farm |
| 13:53 | Create | Villager (Male) |
| 14:03 | Build | Archery Range |
| 14:03 | Build | Archery Range |
| 14:04 | Build | Archery Range |
| 14:04 | Build | Archery Range |
| 14:05 | Build | Archery Range |
| 14:05 | Build | Archery Range |
| 14:33 | Build | Farm |
| 14:36 | Create | Villager (Male) |
| 15:17 | Build | Farm |
| 15:20 | Create | Villager (Male) |
| 15:39 | Build | Archery Range |
| 16:02 | Build | Farm |
| 16:05 | Create | Villager (Male) |
| 16:42 | Build | Archery Range |
| 16:43 | Build | Archery Range |
| 16:43 | Build | Archery Range |
| 16:43 | Build | Archery Range |
| 16:44 | Build | Archery Range |
| 16:44 | Build | Archery Range |
| 16:44 | Build | Archery Range |
| 17:07 | Build | Farm |
| 17:11 | Create | Villager (Male) |
| 17:57 | Build | Farm |
| 18:00 | Create | Villager (Male) |
| 18:14 | Research | Hand Cart |
| 18:27 | Build | Archery Range |
| 18:27 | Build | Archery Range |
| 18:28 | Build | Archery Range |
| 18:28 | Build | Archery Range |
| 18:28 | Build | Archery Range |
| 18:29 | Build | Archery Range |
| 18:29 | Build | Archery Range |
| 18:30 | Build | Archery Range |
| 18:46 | Research | Ballistics |
| 18:55 | Build | Farm |
| 19:00 | Create | Villager (Male) |
| 19:26 | Create | Villager (Male) |
| 19:37 | Build | Archery Range |
| 19:38 | Build | Archery Range |
| 19:38 | Build | Archery Range |
Build order — Nero
First 150 of 469 actions detected
| 0:46 | Build | Mill |
| 0:51 | Create | Villager (Male) ×3 |
| 1:03 | Build | Castle |
| 1:15 | Build | Castle |
| 1:16 | Build | Castle |
| 1:21 | Build | Castle |
| 1:24 | Build | Castle |
| 2:29 | Build | Castle |
| 3:12 | Build | Castle |
| 3:28 | Create | Villager (Male) |
| 3:59 | Build | Castle |
| 4:03 | Build | Castle |
| 4:09 | Create | Villager (Male) |
| 4:57 | Create | Villager (Male) |
| 5:27 | Build | Castle |
| 7:04 | Build | Castle |
| 7:05 | Build | Castle |
| 7:06 | Build | Castle |
| 7:08 | Build | Castle |
| 7:09 | Build | Castle |
| 7:10 | Build | Castle |
| 7:12 | Build | Castle |
| 7:13 | Build | Castle |
| 7:14 | Build | Castle |
| 7:16 | Build | Castle |
| 7:20 | Create | Villager (Male) ×4 |
| 8:30 | Create | Villager (Male) |
| 9:27 | Build | Lumber Camp |
| 9:32 | Build | Lumber Camp |
| 9:37 | Build | Lumber Camp |
| 9:41 | Build | Lumber Camp |
| 10:05 | Build | Lumber Camp |
| 10:10 | Build | Lumber Camp |
| 10:12 | Create | Villager (Male) ×2 |
| 10:34 | Build | Castle |
| 10:36 | Build | Castle |
| 10:37 | Build | Castle |
| 10:40 | Build | Castle |
| 10:42 | Build | Castle |
| 12:44 | Build | Castle |
| 12:46 | Build | Castle |
| 12:48 | Build | Castle |
| 12:50 | Build | Castle |
| 12:53 | Build | Castle |
| 12:54 | Build | Castle |
| 12:56 | Build | Castle |
| 14:14 | Create | Villager (Male) |
| 16:45 | Build | Building 1219 |
| 17:43 | Build | Blacksmith |
| 18:14 | Build | University |
| 19:22 | Research | Paper Money |
| 19:23 | Create | Villager (Male) |
| 19:44 | Build | Castle |
| 19:46 | Build | Castle |
| 19:49 | Build | Castle |
| 19:50 | Build | Castle |
| 19:51 | Build | Castle |
| 19:52 | Build | Castle |
| 20:00 | Build | Castle |
| 20:06 | Build | Castle |
| 20:10 | Build | Castle |
| 20:13 | Build | Castle |
| 20:18 | Build | Castle |
| 20:22 | Build | Castle |
| 20:27 | Build | Castle |
| 20:31 | Build | Castle |
| 21:05 | Build | Mining Camp |
| 21:33 | Build | Mining Camp |
| 21:39 | Research | Treadmill Crane |
| 21:40 | Research | Murder Holes |
| 22:12 | Research | Chain Mail Armor |
| 22:13 | Research | Iron Casting |
| 22:29 | Build | Farm |
| 22:40 | Build | Farm |
| 22:43 | Build | Farm |
| 22:46 | Build | Farm |
| 22:47 | Build | Farm |
| 22:48 | Build | Farm |
| 22:48 | Build | Farm |
| 22:48 | Build | Farm |
| 22:49 | Build | Farm |
| 22:49 | Build | Farm |
| 22:50 | Build | Farm |
| 22:50 | Build | Farm |
| 22:50 | Build | Farm |
| 22:50 | Build | Farm |
| 22:51 | Build | Farm |
| 22:51 | Build | Farm |
| 22:53 | Build | Farm |
| 22:54 | Build | Farm |
| 22:56 | Build | Farm |
| 23:02 | Build | Farm |
| 23:05 | Build | Farm |
| 23:07 | Build | Farm |
| 23:12 | Build | Farm |
| 23:54 | Research | Gold Shaft Mining |
| 24:24 | Research | Hand Cart |
| 25:00 | Create | Villager (Male) |
| 25:33 | Research | Squires |
| 25:37 | Research | Arson |
| 26:44 | Build | Castle |
| 26:56 | Research | Tech 19 |
| 27:01 | Research | Gold Shaft Mining |
| 27:32 | Build | Castle |
| 27:39 | Build | Castle |
| 27:42 | Build | Castle |
| 27:44 | Build | Castle |
| 27:45 | Build | Castle |
| 27:47 | Build | Castle |
| 28:09 | Research | Imperial Age |
| 31:19 | Age | Imperial Age |
| 31:30 | Build | Bombard Tower |
| 31:42 | Create | Villager (Male) |
| 31:43 | Create | Villager (Male) |
| 31:51 | Create | Villager (Male) ×5 |
| 32:15 | Research | Bow Saw |
| 32:22 | Research | Heavy Plow |
| 32:30 | Research | Blast Furnace |
| 32:32 | Research | Plate Mail Armor |
| 32:55 | Build | Siege Workshop |
| 33:34 | Research | Tech 19 |
| 33:45 | Research | Tech 19 |
| 34:05 | Research | Druzhina |
| 34:07 | Research | Tech 19 |
| 34:11 | Research | Tech 19 |
| 34:58 | Build | Bombard Tower |
| 36:02 | Build | Farm |
| 36:06 | Build | Farm |
| 36:22 | Research | Onager (upgrade) |
| 36:46 | Build | Bombard Tower |
| 38:55 | Build | Bombard Tower |
| 39:43 | Build | Bombard Tower |
| 40:16 | Research | Shinkichon |
| 42:33 | Build | Farm |
| 42:37 | Build | Farm |
| 42:40 | Build | Farm |
| 42:51 | Research | Crop Rotation |
| 43:16 | Research | Tech 454 |
| 43:20 | Research | Chemistry |
| 43:24 | Research | Tech 19 |
| 43:32 | Research | Burgundian Vineyards |
| 43:34 | Research | Paper Money |
| 43:37 | Research | Tech 19 |
| 44:05 | Research | Drill |
| 46:00 | Research | Tech 19 |
| 46:07 | Research | Shinkichon |
| 47:30 | Build | Bombard Tower |
| 48:59 | Research | Drill |
| 49:02 | Research | Tech 19 |
| 49:05 | Research | Grand Trunk Road |
Build order — vincentc95
First 150 of 727 actions detected
| 0:13 | Create | Villager (Male) |
| 0:13 | Create | Villager (Male) |
| 0:21 | Create | Villager (Male) ×3 |
| 0:27 | Build | University |
| 0:28 | Build | Blacksmith |
| 0:37 | Build | Lumber Camp |
| 0:49 | Build | Castle |
| 1:08 | Build | Castle |
| 1:13 | Build | Castle |
| 1:17 | Research | Murder Holes |
| 1:48 | Build | Castle |
| 1:52 | Build | Castle |
| 1:55 | Build | Castle |
| 2:01 | Create | Villager (Male) |
| 2:01 | Create | Villager (Male) |
| 2:11 | Research | Bow Saw |
| 2:36 | Build | Castle |
| 2:42 | Build | Castle |
| 4:00 | Build | Monastery |
| 4:30 | Build | Monastery |
| 4:44 | Create | Villager (Male) ×2 |
| 4:54 | Build | Mining Camp |
| 4:55 | Build | Mining Camp |
| 4:56 | Build | Mining Camp |
| 5:00 | Build | Barracks |
| 5:07 | Build | Mining Camp |
| 5:09 | Build | Mining Camp |
| 5:10 | Build | Mining Camp |
| 5:11 | Build | Mining Camp |
| 5:13 | Build | Mining Camp |
| 5:37 | Create | Villager (Male) |
| 6:08 | Build | Mining Camp |
| 6:09 | Build | Mining Camp |
| 6:09 | Build | Mining Camp |
| 6:11 | Build | Mining Camp |
| 6:42 | Research | Arson |
| 6:46 | Create | Villager (Male) |
| 6:56 | Research | Squires |
| 7:16 | Build | Castle |
| 7:46 | Build | Mill |
| 7:54 | Create | Villager (Male) |
| 7:54 | Create | Villager (Male) |
| 8:00 | Build | Mining Camp |
| 8:21 | Build | Lumber Camp |
| 8:21 | Build | Lumber Camp |
| 8:22 | Build | Lumber Camp |
| 8:22 | Build | Lumber Camp |
| 8:22 | Build | Lumber Camp |
| 9:02 | Create | Villager (Male) |
| 9:03 | Create | Villager (Male) |
| 9:07 | Build | Archery Range |
| 9:33 | Build | Lumber Camp |
| 10:03 | Build | Castle |
| 10:10 | Create | Villager (Male) |
| 10:33 | Build | Castle |
| 10:51 | Build | Castle |
| 11:19 | Build | Castle |
| 11:23 | Build | Lumber Camp |
| 11:27 | Build | Farm |
| 11:30 | Build | Farm |
| 11:45 | Build | Farm |
| 11:48 | Build | Farm |
| 11:49 | Build | Farm |
| 12:28 | Build | Castle |
| 12:40 | Research | Hand Cart |
| 14:03 | Create | Villager (Male) |
| 14:28 | Build | Castle |
| 14:32 | Build | Castle |
| 15:06 | Build | Castle |
| 15:08 | Build | Castle |
| 15:58 | Research | Imperial Age |
| 16:05 | Create | Villager (Male) ×2 |
| 16:37 | Build | Castle |
| 16:41 | Build | Castle |
| 16:51 | Build | Farm |
| 16:53 | Build | Farm |
| 16:56 | Research | Heavy Plow |
| 17:35 | Build | Castle |
| 17:39 | Build | Castle |
| 17:40 | Build | Castle |
| 18:19 | Create | Villager (Male) |
| 18:20 | Create | Villager (Male) |
| 18:34 | Build | Castle |
| 18:35 | Build | Castle |
| 18:44 | Build | Castle |
| 18:49 | Build | Castle |
| 18:51 | Build | Castle |
| 18:55 | Build | Castle |
| 18:56 | Build | Castle |
| 19:08 | Age | Imperial Age |
| 20:14 | Build | Building 1098 |
| 20:17 | Build | Building 1098 |
| 20:17 | Build | Building 1098 |
| 20:17 | Build | Building 1098 |
| 20:29 | Build | Mining Camp |
| 20:38 | Create | Villager (Male) |
| 20:50 | Build | Mining Camp |
| 20:58 | Build | Castle |
| 21:52 | Research | Two-Man Saw |
| 22:02 | Build | Castle |
| 22:06 | Research | Gold Shaft Mining |
| 22:43 | Build | Building 1098 |
| 23:17 | Build | Castle |
| 23:42 | Research | Chain Mail Armor |
| 24:20 | Build | Castle |
| 24:24 | Build | Castle |
| 24:53 | Build | Farm |
| 25:09 | Build | Castle |
| 26:00 | Research | Wootz Steel |
| 26:01 | Research | Wootz Steel |
| 26:13 | Build | Castle |
| 27:38 | Create | Villager (Male) |
| 27:38 | Create | Villager (Male) |
| 27:39 | Create | Villager (Male) |
| 27:59 | Build | Building 1098 |
| 28:00 | Build | Building 1098 |
| 28:01 | Build | Building 1098 |
| 28:04 | Build | Building 1098 |
| 28:04 | Build | Building 1098 |
| 28:50 | Create | Villager (Male) |
| 28:51 | Create | Villager (Male) |
| 28:51 | Create | Villager (Male) |
| 28:51 | Create | Villager (Male) |
| 29:01 | Build | Dock |
| 29:04 | Build | Dock |
| 29:05 | Build | Dock |
| 29:05 | Build | Dock |
| 29:05 | Build | Dock |
| 30:12 | Build | Farm |
| 30:14 | Build | Farm |
| 30:15 | Build | Farm |
| 30:18 | Build | Farm |
| 30:18 | Create | Villager (Male) |
| 31:43 | Create | Villager (Male) |
| 31:44 | Create | Villager (Male) |
| 31:44 | Create | Villager (Male) |
| 31:57 | Create | Villager (Male) |
| 32:49 | Create | Villager (Male) |
| 32:49 | Create | Villager (Male) |
| 32:50 | Create | Villager (Male) |
| 32:53 | Research | Bloodlines |
| 33:04 | Build | Farm |
| 33:20 | Build | Farm |
| 33:22 | Build | Farm |
| 33:27 | Build | Farm |
| 33:28 | Build | Farm |
| 33:54 | Create | Villager (Male) |
| 33:54 | Create | Villager (Male) |
| 33:54 | Create | Villager (Male) |
| 34:18 | Research | Gillnets |
Build order — ImperiorsWar
First 150 of 411 actions detected
| 0:32 | Build | Mill |
| 0:47 | Create | Villager (Male) ×3 |
| 1:04 | Build | Blacksmith |
| 1:17 | Build | University |
| 1:26 | Build | Archery Range |
| 1:41 | Build | Castle |
| 1:46 | Build | Castle |
| 2:01 | Build | Stable |
| 2:28 | Research | Thumb Ring |
| 2:47 | Build | Lumber Camp |
| 2:48 | Build | Lumber Camp |
| 2:49 | Build | Lumber Camp |
| 2:50 | Build | Lumber Camp |
| 2:51 | Build | Lumber Camp |
| 2:52 | Build | Lumber Camp |
| 2:53 | Build | Lumber Camp |
| 2:54 | Build | Lumber Camp |
| 2:55 | Build | Lumber Camp |
| 2:56 | Build | Lumber Camp |
| 2:59 | Build | Lumber Camp |
| 3:00 | Build | Lumber Camp |
| 3:01 | Build | Lumber Camp |
| 3:02 | Build | Lumber Camp |
| 3:03 | Build | Lumber Camp |
| 3:04 | Build | Lumber Camp |
| 3:05 | Build | Lumber Camp |
| 3:06 | Build | Lumber Camp |
| 3:07 | Build | Lumber Camp |
| 3:07 | Build | Lumber Camp |
| 3:26 | Build | Lumber Camp |
| 3:27 | Build | Lumber Camp |
| 3:28 | Build | Lumber Camp |
| 3:29 | Build | Lumber Camp |
| 3:30 | Build | Lumber Camp |
| 3:31 | Build | Lumber Camp |
| 3:32 | Build | Lumber Camp |
| 3:33 | Build | Lumber Camp |
| 3:34 | Build | Lumber Camp |
| 3:35 | Build | Lumber Camp |
| 4:45 | Research | Bodkin Arrow |
| 4:49 | Research | Elite Skirmisher (upgrade) |
| 4:58 | Research | Leather Archer Armor |
| 5:26 | Research | Bow Saw |
| 5:50 | Research | Arson |
| 5:52 | Research | Squires |
| 6:09 | Build | Mining Camp |
| 6:18 | Research | Husbandry |
| 6:59 | Build | Lumber Camp |
| 7:01 | Build | Lumber Camp |
| 7:02 | Build | Lumber Camp |
| 7:06 | Build | Lumber Camp |
| 8:07 | Create | Villager (Male) ×2 |
| 8:23 | Build | Lumber Camp |
| 8:46 | Build | Lumber Camp |
| 8:48 | Build | Lumber Camp |
| 8:49 | Build | Lumber Camp |
| 8:51 | Build | Lumber Camp |
| 8:53 | Build | Lumber Camp |
| 8:54 | Build | Lumber Camp |
| 9:51 | Build | Lumber Camp |
| 10:15 | Build | Lumber Camp |
| 11:27 | Research | Paper Money |
| 11:30 | Research | Gold Shaft Mining |
| 11:35 | Research | Bloodlines |
| 11:50 | Build | Mining Camp |
| 12:34 | Build | Building 1097 |
| 12:35 | Build | Building 1097 |
| 12:40 | Build | Building 1097 |
| 12:46 | Build | Building 1097 |
| 12:50 | Build | Building 1097 |
| 13:24 | Research | Iron Casting |
| 14:18 | Build | House |
| 14:19 | Build | House |
| 14:23 | Build | House |
| 14:25 | Build | House |
| 14:26 | Build | House |
| 14:27 | Build | House |
| 14:29 | Build | House |
| 14:30 | Build | House |
| 14:54 | Research | Fortified Wall (upgrade) |
| 14:58 | Research | Murder Holes |
| 15:31 | Research | Stone Shaft Mining |
| 15:53 | Build | House |
| 15:55 | Build | House |
| 16:03 | Build | House |
| 17:36 | Build | Dock |
| 17:43 | Build | Dock |
| 17:51 | Build | Dock |
| 18:17 | Research | Hand Cart |
| 18:45 | Research | Gillnets |
| 18:53 | Research | Tech 905 |
| 19:15 | Research | Ballistics |
| 19:17 | Research | Masonry |
| 21:20 | Build | Mill |
| 21:47 | Research | Town Patrol |
| 23:33 | Build | Building 1098 |
| 23:35 | Build | Building 1098 |
| 23:37 | Build | Building 1098 |
| 23:38 | Build | Building 1098 |
| 23:40 | Build | Building 1098 |
| 23:41 | Build | Building 1098 |
| 23:43 | Build | Building 1098 |
| 23:44 | Build | Building 1098 |
| 23:46 | Build | Building 1098 |
| 23:47 | Build | Building 1098 |
| 23:59 | Research | War Galley (upgrade) |
| 24:14 | Research | Imperial Age |
| 24:42 | Build | Farm |
| 24:43 | Build | Farm |
| 24:47 | Build | Farm |
| 24:50 | Build | Farm |
| 25:15 | Build | Mill |
| 25:38 | Build | Mill |
| 25:46 | Build | Mill |
| 27:30 | Research | Galleon (upgrade) |
| 28:51 | Research | Tech 19 |
| 28:55 | Research | Thumb Ring |
| 29:05 | Research | Bracer |
| 29:11 | Research | Tech 19 |
| 29:15 | Research | Chemistry |
| 29:24 | Research | Paper Money |
| 29:26 | Research | Grand Trunk Road |
| 29:38 | Research | Gambesons |
| 29:41 | Research | Tech 19 |
| 30:12 | Research | Thumb Ring |
| 30:15 | Research | Bloodlines |
| 31:52 | Research | Two-Man Saw |
| 32:56 | Research | Tech 909 |
| 33:16 | Research | Tech 908 |
| 33:18 | Research | Architecture |
| 33:22 | Research | Arrowslits |
| 34:34 | Research | Heated Shot |
| 34:49 | Research | Great Wall |
| 35:19 | Research | Guard Tower (upgrade) |
| 35:36 | Research | Yasama |
| 37:26 | Research | Heavy Plow |
| 38:21 | Build | Building 1219 |
| 39:18 | Create | Villager (Male) ×3 |
| 41:06 | Research | Crossbowman (upgrade) |
| 41:14 | Research | Conscription |
| 42:45 | Research | Tech 49 |
| 46:02 | Research | Shipwright |
| 46:13 | Research | Tech 19 |
| 46:16 | Research | Chemistry |
| 46:20 | Research | Cilician Fleet |
| 48:18 | Research | Artillery |
| 49:06 | Build | Bombard Tower |
| 49:07 | Build | Bombard Tower |
| 49:09 | Build | Bombard Tower |
| 49:18 | Build | Bombard Tower |
Build order — CPT Hobbit
First 150 of 533 actions detected
| 0:19 | Create | Villager (Male) |
| 0:19 | Create | Villager (Male) |
| 0:20 | Create | Villager (Male) |
| 0:20 | Create | Villager (Male) |
| 0:37 | Create | Villager (Male) |
| 0:37 | Create | Villager (Male) |
| 0:37 | Create | Villager (Male) |
| 0:48 | Research | Hand Cart |
| 1:30 | Build | Castle |
| 1:31 | Build | Castle |
| 1:32 | Build | Castle |
| 1:32 | Build | Castle |
| 2:37 | Create | Villager (Male) |
| 3:56 | Build | Castle |
| 3:58 | Build | Castle |
| 3:59 | Build | Castle |
| 4:00 | Build | Castle |
| 4:02 | Build | Castle |
| 4:03 | Build | Castle |
| 4:04 | Build | Castle |
| 4:05 | Build | Castle |
| 4:06 | Build | Castle |
| 4:07 | Build | Castle |
| 4:08 | Build | Castle |
| 4:21 | Create | Villager (Male) |
| 4:23 | Create | Villager (Male) |
| 5:10 | Create | Villager (Male) |
| 7:22 | Create | Villager (Male) |
| 7:23 | Create | Villager (Male) |
| 7:23 | Create | Villager (Male) |
| 7:37 | Research | Bloodlines |
| 8:26 | Build | Lumber Camp |
| 9:10 | Build | Castle |
| 9:12 | Build | Castle |
| 9:16 | Build | Castle |
| 9:17 | Build | Castle |
| 9:19 | Build | Castle |
| 9:20 | Build | Castle |
| 9:22 | Build | Castle |
| 9:42 | Research | Bow Saw |
| 10:11 | Create | Villager (Male) |
| 10:24 | Create | Villager (Male) |
| 10:40 | Research | Two-Man Saw |
| 12:22 | Create | Villager (Male) |
| 12:32 | Build | Farm |
| 12:33 | Build | Farm |
| 12:35 | Build | Farm |
| 12:37 | Build | Farm |
| 12:38 | Build | Farm |
| 12:40 | Build | Farm |
| 12:42 | Build | Farm |
| 12:53 | Build | Farm |
| 14:35 | Build | Castle |
| 14:37 | Build | Castle |
| 14:38 | Build | Castle |
| 14:39 | Build | Castle |
| 14:40 | Build | Castle |
| 14:41 | Build | Castle |
| 14:42 | Build | Castle |
| 14:42 | Build | Castle |
| 14:43 | Build | Castle |
| 14:44 | Build | Castle |
| 15:01 | Research | Paper Money |
| 16:12 | Create | Villager (Male) |
| 16:23 | Build | Blacksmith |
| 17:08 | Research | Chain Barding Armor |
| 18:01 | Research | Iron Casting |
| 18:39 | Build | Castle |
| 18:41 | Build | Castle |
| 18:42 | Build | Castle |
| 18:44 | Build | Castle |
| 18:45 | Build | Castle |
| 18:46 | Build | Castle |
| 18:47 | Build | Castle |
| 18:49 | Build | Castle |
| 19:12 | Research | Bodkin Arrow |
| 19:43 | Create | Villager (Male) |
| 20:15 | Build | Castle |
| 20:17 | Build | Castle |
| 20:18 | Build | Castle |
| 20:19 | Build | Castle |
| 20:20 | Build | Castle |
| 21:06 | Create | Villager (Male) |
| 21:58 | Research | Supremacy |
| 22:24 | Create | Villager (Male) |
| 22:25 | Create | Villager (Male) |
| 23:26 | Build | Castle |
| 23:30 | Build | Castle |
| 23:31 | Build | Castle |
| 23:32 | Build | Castle |
| 23:32 | Build | Castle |
| 23:34 | Build | Castle |
| 23:47 | Build | Castle |
| 23:48 | Build | Castle |
| 23:50 | Build | Castle |
| 23:53 | Build | Castle |
| 24:05 | Create | Villager (Male) |
| 24:06 | Create | Villager (Male) |
| 24:06 | Create | Villager (Male) |
| 24:06 | Create | Villager (Male) |
| 24:20 | Build | Farm |
| 24:25 | Build | Farm |
| 24:27 | Build | Mill |
| 24:28 | Build | Farm |
| 24:29 | Build | Farm |
| 24:33 | Build | Farm |
| 24:34 | Build | Farm |
| 24:35 | Build | Farm |
| 24:36 | Build | Farm |
| 25:25 | Build | Castle |
| 26:21 | Create | Unit 704 |
| 26:40 | Build | Castle |
| 26:41 | Build | Castle |
| 26:42 | Build | Castle |
| 27:40 | Build | Castle |
| 28:08 | Create | Villager (Male) |
| 28:09 | Create | Villager (Male) |
| 28:13 | Create | Villager (Male) |
| 28:13 | Create | Villager (Male) |
| 28:58 | Build | Mining Camp |
| 29:06 | Research | Gold Shaft Mining |
| 30:52 | Build | Castle |
| 30:52 | Build | Castle |
| 30:53 | Build | Castle |
| 30:54 | Build | Castle |
| 31:29 | Research | Imperial Age |
| 31:37 | Create | Villager (Male) |
| 31:37 | Create | Villager (Male) |
| 32:44 | Research | Tech 19 |
| 32:56 | Research | Tech 19 |
| 34:23 | Build | Lumber Camp |
| 34:33 | Build | Farm |
| 34:35 | Build | Farm |
| 34:37 | Build | Farm |
| 34:38 | Build | Farm |
| 34:39 | Age | Imperial Age |
| 34:40 | Build | Mill |
| 34:41 | Build | Farm |
| 34:42 | Build | Farm |
| 34:43 | Build | Farm |
| 34:52 | Research | Plate Barding Armor |
| 35:04 | Research | Hoardings |
| 35:11 | Build | Castle |
| 35:12 | Build | Castle |
| 35:12 | Build | Castle |
| 35:36 | Research | Blast Furnace |
| 35:45 | Research | Tech 19 |
| 36:04 | Research | Tech 19 |
| 36:35 | Create | Villager (Male) |
| 36:35 | Create | Villager (Male) |
Build order — Believesinkinto
First 150 of 1087 actions detected
| 0:13 | Build | Mill |
| 0:17 | Research | Hand Cart |
| 0:28 | Build | Castle |
| 0:35 | Create | Villager (Male) |
| 0:35 | Create | Villager (Male) |
| 1:27 | Build | House |
| 1:27 | Build | House |
| 1:28 | Build | House |
| 1:28 | Build | House |
| 1:28 | Build | House |
| 1:29 | Build | House |
| 1:29 | Build | House |
| 1:29 | Build | House |
| 1:30 | Build | House |
| 1:30 | Build | House |
| 1:30 | Build | House |
| 1:31 | Build | House |
| 2:28 | Create | Villager (Male) |
| 2:28 | Create | Villager (Male) |
| 2:44 | Build | House |
| 2:44 | Build | House |
| 2:45 | Build | House |
| 2:45 | Build | House |
| 2:45 | Build | House |
| 3:19 | Create | Villager (Male) |
| 4:14 | Create | Villager (Male) |
| 4:28 | Build | Blacksmith |
| 4:33 | Create | Villager (Male) |
| 5:04 | Build | Lumber Camp |
| 5:37 | Research | Bodkin Arrow |
| 6:12 | Build | Castle |
| 6:32 | Build | Lumber Camp |
| 6:35 | Create | Villager (Male) |
| 6:35 | Create | Villager (Male) |
| 8:06 | Research | Bow Saw |
| 8:15 | Build | Castle |
| 8:53 | Create | Villager (Male) |
| 8:53 | Create | Villager (Male) |
| 9:29 | Build | Lumber Camp |
| 9:30 | Build | Lumber Camp |
| 9:30 | Build | Lumber Camp |
| 9:30 | Build | Lumber Camp |
| 9:31 | Build | Lumber Camp |
| 9:31 | Build | Lumber Camp |
| 9:31 | Build | Lumber Camp |
| 9:32 | Build | Lumber Camp |
| 9:32 | Build | Lumber Camp |
| 9:32 | Build | Lumber Camp |
| 9:32 | Build | Lumber Camp |
| 9:33 | Build | Lumber Camp |
| 9:40 | Create | Villager (Male) |
| 9:45 | Build | Lumber Camp |
| 10:07 | Create | Villager (Male) |
| 10:08 | Create | Villager (Male) |
| 10:19 | Build | Dock |
| 11:10 | Build | Dock |
| 12:00 | Create | Fishing Ship |
| 12:01 | Create | Fishing Ship |
| 12:03 | Research | Gillnets |
| 12:52 | Build | Fish Trap |
| 12:53 | Build | Fish Trap |
| 13:05 | Build | Lumber Camp |
| 13:05 | Build | Lumber Camp |
| 13:06 | Build | Lumber Camp |
| 13:06 | Build | Lumber Camp |
| 13:06 | Build | Lumber Camp |
| 13:07 | Build | Lumber Camp |
| 13:07 | Build | Lumber Camp |
| 13:07 | Build | Lumber Camp |
| 13:51 | Build | Lumber Camp |
| 14:04 | Create | Villager (Male) |
| 14:04 | Create | Villager (Male) |
| 14:10 | Create | Fishing Ship |
| 14:10 | Create | Fishing Ship |
| 14:11 | Create | Fishing Ship |
| 14:50 | Build | Archery Range |
| 15:03 | Build | Fish Trap |
| 15:04 | Build | Fish Trap |
| 15:22 | Research | Elite Skirmisher (upgrade) |
| 15:50 | Create | Fishing Ship |
| 15:51 | Create | Fishing Ship |
| 16:04 | Create | Villager (Male) |
| 16:04 | Create | Villager (Male) |
| 16:09 | Create | Fishing Ship |
| 16:10 | Create | Fishing Ship |
| 16:25 | Build | Lumber Camp |
| 16:25 | Build | Lumber Camp |
| 16:26 | Build | Lumber Camp |
| 16:26 | Build | Lumber Camp |
| 16:26 | Build | Lumber Camp |
| 16:55 | Build | Lumber Camp |
| 17:12 | Build | Fish Trap |
| 17:13 | Build | Fish Trap |
| 17:53 | Create | Fishing Ship |
| 17:53 | Create | Fishing Ship |
| 18:05 | Create | Villager (Male) |
| 18:05 | Create | Villager (Male) |
| 18:15 | Build | Castle |
| 18:16 | Build | Castle |
| 18:57 | Build | Fish Trap |
| 18:58 | Build | Fish Trap |
| 19:15 | Create | Fishing Ship |
| 19:15 | Create | Fishing Ship |
| 19:18 | Create | Villager (Male) |
| 19:19 | Create | Villager (Male) |
| 19:31 | Build | Mining Camp |
| 19:53 | Build | Mining Camp |
| 20:05 | Create | Fishing Ship |
| 20:05 | Create | Fishing Ship |
| 20:05 | Create | Fishing Ship |
| 20:09 | Research | Gold Shaft Mining |
| 20:49 | Build | Fish Trap |
| 20:55 | Build | Fish Trap |
| 20:57 | Build | Fish Trap |
| 21:00 | Create | Fishing Ship |
| 21:01 | Create | Fishing Ship |
| 21:03 | Create | Villager (Male) |
| 21:03 | Create | Villager (Male) |
| 21:37 | Create | Fishing Ship |
| 21:54 | Build | Fish Trap |
| 21:59 | Create | Villager (Male) |
| 21:59 | Create | Villager (Male) |
| 22:13 | Build | Castle |
| 22:14 | Build | Castle |
| 22:27 | Build | Fish Trap |
| 22:41 | Create | Fishing Ship |
| 23:09 | Build | Farm |
| 23:11 | Build | Farm |
| 23:12 | Build | Farm |
| 23:26 | Build | Farm |
| 23:27 | Build | Farm |
| 23:29 | Build | Farm |
| 23:40 | Research | Heavy Plow |
| 23:47 | Create | Villager (Male) |
| 23:47 | Create | Villager (Male) |
| 23:58 | Build | Fish Trap |
| 24:16 | Build | Farm |
| 24:17 | Build | Farm |
| 24:19 | Build | Farm |
| 24:20 | Build | Farm |
| 24:22 | Build | Farm |
| 24:43 | Build | Castle |
| 24:50 | Create | Fishing Ship |
| 24:50 | Create | Fishing Ship |
| 25:23 | Build | Farm |
| 25:24 | Build | Farm |
| 25:25 | Build | Farm |
| 25:29 | Build | Mill |
| 25:35 | Research | Imperial Age |
| 25:52 | Build | Fish Trap |
Build order — s2n_ljkthegreat
First 150 of 513 actions detected
| 0:13 | Research | Hand Cart |
| 0:14 | Create | Villager (Male) |
| 0:26 | Build | Mill |
| 0:29 | Create | Villager (Male) |
| 0:29 | Create | Villager (Male) |
| 0:30 | Create | Villager (Male) |
| 0:30 | Create | Villager (Male) |
| 0:30 | Create | Villager (Male) |
| 0:46 | Build | Castle |
| 0:47 | Build | Castle |
| 0:47 | Build | Castle |
| 0:47 | Build | Castle |
| 0:48 | Build | Castle |
| 0:50 | Build | Castle |
| 1:05 | Build | Mining Camp |
| 1:05 | Build | Mining Camp |
| 1:07 | Build | Mining Camp |
| 1:17 | Build | Blacksmith |
| 1:17 | Build | Blacksmith |
| 1:17 | Build | Blacksmith |
| 1:18 | Build | Blacksmith |
| 1:18 | Build | Blacksmith |
| 1:18 | Build | Blacksmith |
| 1:19 | Build | Blacksmith |
| 1:19 | Build | Blacksmith |
| 4:14 | Create | Villager (Male) |
| 4:14 | Create | Villager (Male) |
| 4:15 | Create | Villager (Male) |
| 4:39 | Build | Lumber Camp |
| 5:09 | Build | Building 785 |
| 6:20 | Build | Barracks |
| 6:46 | Create | Villager (Male) |
| 6:46 | Create | Villager (Male) |
| 6:46 | Create | Villager (Male) |
| 7:38 | Research | Pikeman (upgrade) |
| 7:39 | Research | Long Swordsman (upgrade) |
| 8:17 | Build | Castle |
| 8:29 | Build | House |
| 8:30 | Build | House |
| 8:30 | Build | House |
| 8:31 | Build | House |
| 8:31 | Build | House |
| 8:31 | Build | House |
| 8:32 | Build | House |
| 8:32 | Build | House |
| 8:32 | Build | House |
| 8:33 | Build | House |
| 8:33 | Build | House |
| 8:33 | Build | House |
| 9:50 | Create | Villager (Male) |
| 9:50 | Create | Villager (Male) |
| 10:33 | Create | Villager (Male) |
| 10:33 | Create | Villager (Male) |
| 10:33 | Create | Villager (Male) |
| 12:16 | Build | Farm |
| 12:18 | Build | Farm |
| 12:21 | Build | Farm |
| 12:23 | Build | Farm |
| 12:26 | Build | Farm |
| 13:14 | Research | Paper Money |
| 13:56 | Build | Lumber Camp |
| 14:37 | Build | Building 1098 |
| 14:38 | Build | Building 1098 |
| 14:39 | Build | Building 1098 |
| 14:52 | Build | Dock |
| 14:53 | Build | Dock |
| 14:59 | Create | Villager (Male) |
| 15:00 | Create | Villager (Male) |
| 15:07 | Research | Squires |
| 15:25 | Research | Iron Casting |
| 16:19 | Build | House |
| 16:19 | Build | House |
| 16:19 | Build | House |
| 16:20 | Build | House |
| 16:20 | Build | House |
| 16:20 | Build | House |
| 16:21 | Build | House |
| 16:21 | Build | House |
| 16:22 | Build | House |
| 16:22 | Build | House |
| 17:01 | Research | War Galley (upgrade) |
| 17:18 | Create | Villager (Male) |
| 17:19 | Create | Villager (Male) |
| 17:19 | Create | Villager (Male) |
| 18:40 | Build | Building 785 |
| 19:00 | Research | Chain Mail Armor |
| 20:05 | Build | Building 785 |
| 20:13 | Create | Villager (Male) |
| 20:14 | Create | Villager (Male) |
| 20:14 | Create | Villager (Male) |
| 20:24 | Research | Bow Saw |
| 22:03 | Create | Villager (Male) |
| 22:03 | Create | Villager (Male) |
| 22:04 | Create | Villager (Male) |
| 22:53 | Build | Building 785 |
| 23:15 | Research | Leather Archer Armor |
| 23:53 | Research | Bodkin Arrow |
| 24:04 | Build | Building 1098 |
| 24:37 | Build | House |
| 24:49 | Build | House |
| 24:49 | Build | House |
| 24:49 | Build | House |
| 24:50 | Build | House |
| 24:50 | Build | House |
| 24:50 | Build | House |
| 27:01 | Build | Building 785 |
| 27:12 | Create | Villager (Male) |
| 27:12 | Create | Villager (Male) |
| 27:12 | Create | Villager (Male) |
| 27:13 | Create | Villager (Male) |
| 27:13 | Create | Villager (Male) |
| 27:39 | Research | Gillnets |
| 28:16 | Create | Fishing Ship |
| 28:17 | Create | Fishing Ship |
| 28:17 | Create | Fishing Ship |
| 28:35 | Create | Villager (Male) |
| 28:36 | Create | Villager (Male) |
| 29:07 | Build | Castle |
| 29:07 | Build | Castle |
| 29:08 | Build | Castle |
| 29:09 | Build | Castle |
| 30:29 | Build | House |
| 30:29 | Build | House |
| 30:30 | Build | House |
| 30:30 | Build | House |
| 30:30 | Build | House |
| 30:31 | Build | House |
| 31:11 | Build | Fish Trap |
| 31:18 | Build | Fish Trap |
| 31:25 | Build | Fish Trap |
| 32:57 | Research | Imperial Age |
| 32:59 | Research | Thumb Ring |
| 33:42 | Build | Building 785 |
| 33:46 | Build | Building 785 |
| 33:59 | Research | Chain Barding Armor |
| 35:48 | Build | Building 1098 |
| 35:49 | Build | Building 1098 |
| 35:49 | Build | Building 1098 |
| 35:49 | Build | Building 1098 |
| 35:50 | Build | Building 1098 |
| 36:07 | Age | Imperial Age |
| 36:10 | Create | Villager (Male) |
| 36:10 | Create | Villager (Male) |
| 36:10 | Create | Villager (Male) |
| 36:11 | Create | Villager (Male) |
| 36:23 | Research | Galleon (upgrade) |
| 36:55 | Create | Unit 2626 |
| 37:07 | Research | Thumb Ring |
| 37:08 | Research | Bloodlines |
| 37:40 | Build | Building 785 |
Build order — Preacher!
First 150 of 761 actions detected
| 0:12 | Create | Villager (Male) |
| 0:12 | Create | Villager (Male) |
| 0:13 | Create | Villager (Male) |
| 0:13 | Create | Villager (Male) |
| 0:13 | Create | Villager (Male) |
| 0:14 | Create | Villager (Male) |
| 0:21 | Build | Mill |
| 0:36 | Build | University |
| 1:10 | Create | Villager (Male) |
| 1:26 | Build | Blacksmith |
| 1:30 | Research | Treadmill Crane |
| 1:33 | Research | Murder Holes |
| 1:50 | Build | Barracks |
| 2:10 | Build | Mining Camp |
| 2:12 | Research | Pikeman (upgrade) |
| 2:21 | Build | Mining Camp |
| 2:22 | Build | Mining Camp |
| 2:23 | Build | Mining Camp |
| 2:24 | Build | Mining Camp |
| 2:29 | Build | Mining Camp |
| 2:30 | Build | Mining Camp |
| 2:31 | Build | Mining Camp |
| 2:33 | Build | Mining Camp |
| 2:34 | Build | Mining Camp |
| 2:57 | Build | Building 685 |
| 2:58 | Build | Building 685 |
| 3:00 | Build | Building 685 |
| 3:01 | Build | Building 685 |
| 3:03 | Build | Building 685 |
| 3:04 | Build | Building 685 |
| 3:06 | Build | Building 685 |
| 3:11 | Create | Villager (Male) |
| 3:11 | Create | Villager (Male) |
| 4:24 | Create | Villager (Male) |
| 4:24 | Create | Villager (Male) |
| 4:24 | Create | Villager (Male) |
| 5:32 | Create | Villager (Male) |
| 5:32 | Create | Villager (Male) |
| 5:37 | Research | Squires |
| 5:49 | Build | Castle |
| 6:04 | Create | Villager (Male) |
| 6:51 | Build | Building 685 |
| 6:53 | Build | Building 685 |
| 6:54 | Build | Building 685 |
| 6:55 | Build | Building 685 |
| 6:59 | Create | Villager (Male) |
| 6:59 | Create | Villager (Male) |
| 7:15 | Create | Villager (Male) |
| 7:32 | Build | Lumber Camp |
| 8:42 | Build | Building 685 |
| 8:43 | Build | Building 685 |
| 8:46 | Research | Chain Mail Armor |
| 9:43 | Build | Castle |
| 9:46 | Build | Castle |
| 10:36 | Build | Farm |
| 10:37 | Build | Farm |
| 10:40 | Research | Bow Saw |
| 10:43 | Build | Farm |
| 10:47 | Build | Farm |
| 10:50 | Build | Farm |
| 10:53 | Build | Farm |
| 10:58 | Build | Farm |
| 11:03 | Build | Castle |
| 11:04 | Build | Castle |
| 11:26 | Build | Farm |
| 12:25 | Build | Castle |
| 12:26 | Build | Castle |
| 12:30 | Create | Villager (Male) |
| 12:43 | Research | Heavy Plow |
| 13:29 | Research | Iron Casting |
| 13:44 | Build | Castle |
| 14:33 | Build | Castle |
| 14:33 | Build | Castle |
| 14:34 | Build | Castle |
| 14:41 | Create | Villager (Male) |
| 15:35 | Build | Monastery |
| 15:37 | Build | Monastery |
| 15:38 | Build | Monastery |
| 15:40 | Build | Monastery |
| 16:07 | Create | Villager (Male) |
| 16:09 | Research | Arson |
| 16:31 | Build | Building 685 |
| 16:32 | Build | Building 685 |
| 16:33 | Build | Building 685 |
| 17:29 | Create | Villager (Male) |
| 18:09 | Build | Building 685 |
| 18:10 | Build | Building 685 |
| 18:11 | Build | Building 685 |
| 18:12 | Build | Building 685 |
| 18:58 | Create | Villager (Male) |
| 18:59 | Create | Villager (Male) |
| 19:52 | Create | Villager (Male) |
| 20:01 | Build | Castle |
| 20:02 | Build | Castle |
| 20:03 | Build | Castle |
| 20:05 | Build | Castle |
| 20:06 | Build | Castle |
| 20:28 | Create | Villager (Male) |
| 20:59 | Build | Lumber Camp |
| 21:03 | Build | Lumber Camp |
| 21:10 | Build | Lumber Camp |
| 21:13 | Build | Lumber Camp |
| 21:19 | Build | Lumber Camp |
| 21:52 | Create | Villager (Male) |
| 22:02 | Build | Farm |
| 22:06 | Build | Farm |
| 22:10 | Build | Farm |
| 22:14 | Build | Farm |
| 22:18 | Build | Mill |
| 22:22 | Build | Farm |
| 22:28 | Build | Castle |
| 22:29 | Build | Castle |
| 22:32 | Build | Castle |
| 22:32 | Build | Castle |
| 22:33 | Build | Castle |
| 22:33 | Build | Castle |
| 22:34 | Build | Castle |
| 22:47 | Build | Farm |
| 22:51 | Build | Farm |
| 22:55 | Build | Farm |
| 22:57 | Create | Villager (Male) |
| 24:02 | Research | Paper Money |
| 24:47 | Research | Hand Cart |
| 24:56 | Build | Castle |
| 24:57 | Build | Castle |
| 24:58 | Build | Castle |
| 24:59 | Build | Castle |
| 25:00 | Build | Castle |
| 27:20 | Build | Castle |
| 27:21 | Build | Castle |
| 27:22 | Build | Castle |
| 28:19 | Build | Farm |
| 28:21 | Build | Farm |
| 28:23 | Build | Farm |
| 28:24 | Build | Farm |
| 29:19 | Build | Castle |
| 29:21 | Build | Castle |
| 29:22 | Build | Castle |
| 29:22 | Build | Castle |
| 29:24 | Build | Castle |
| 29:25 | Build | Castle |
| 30:20 | Build | Castle |
| 30:21 | Build | Castle |
| 30:21 | Build | Castle |
| 30:22 | Build | Castle |
| 30:22 | Build | Castle |
| 30:23 | Build | Castle |
| 30:23 | Build | Castle |
| 32:00 | Build | Castle |
| 32:00 | Build | Castle |
Match timeline
| 0:28 | Believesinkinto · first_building Castle |
| 0:46 | s2n_ljkthegreat · first_building Castle |
| 0:49 | vincentc95 · first_building Castle |
| 1:03 | Nero · first_building Castle |
| 1:26 | ImperiorsWar · first_building Archery Range |
| 1:30 | CPT Hobbit · first_building Castle |
| 1:41 | ImperiorsWar · first_building Castle |
| 1:50 | Preacher! · first_building Barracks |
| 2:01 | ImperiorsWar · first_building Stable |
| 3:54 | connorjb · first_building Archery Range |
| 4:00 | vincentc95 · first_building Monastery |
| 5:00 | vincentc95 · first_building Barracks |
| 5:49 | Preacher! · first_building Castle |
| 6:20 | s2n_ljkthegreat · first_building Barracks |
| 8:46 | connorjb · first_building Castle |
| 9:07 | vincentc95 · first_building Archery Range |
| 10:19 | Believesinkinto · first_building Dock |
| 14:50 | Believesinkinto · first_building Archery Range |
| 14:52 | s2n_ljkthegreat · first_building Dock |
| 15:35 | Preacher! · first_building Monastery |
| 17:36 | ImperiorsWar · first_building Dock |
| 19:08 | vincentc95 · age_up imperial |
| 25:52 | connorjb · age_up imperial |
| 28:45 | Believesinkinto · age_up imperial |
| 29:01 | vincentc95 · first_building Dock |
| 31:19 | Nero · age_up imperial |
| 32:55 | Nero · first_building Siege Workshop |
| 34:39 | CPT Hobbit · age_up imperial |
| 35:09 | Believesinkinto · first_building Stable |
| 36:07 | s2n_ljkthegreat · age_up imperial |
| 36:20 | Preacher! · first_building Dock |
| 50:27 | Preacher! · age_up imperial |
| 53:08 | CPT Hobbit · first_building Stable |
| 63:57 | Nero · first_building Dock |
| 68:45 | ImperiorsWar · first_building Siege Workshop |
| 91:53 | s2n_ljkthegreat · first_building Archery Range |
| 102:15 | s2n_ljkthegreat · first_building Siege Workshop |
[ AI ANALYSIS · 1 CREDIT ]
What really happened in this match?
Wolo.gg analyzes every decision: build order, eco, micro, common mistakes by bracket. Personalized analysis on WhatsApp or Discord in 30 seconds.
Civ guide
Turks
Perfil
Jugador #1360101